 Dungeon Crawl Stone Soup version 0.31-a0-925-g0a390f2509 (webtiles) character file.

Game seed: 11474520704237608372

100 pokeman the Magician (level 4, 0/25 HPs)
             Began as a Deep Elf Hedge Wizard on Oct 18, 2023.
             Slain by an iguana (12 damage)
             ... on level 3 of the Dungeon.
             The game lasted 00:04:14 (2294 turns).

pokeman the Magician (Deep Elf Hedge Wizard)        Turns: 2294, Time: 00:04:15

Health: 0/25       AC:  2    Str: 13    XL:     4   Next: 46%
Magic:  2/13       EV: 12    Int: 21    God:
Gold:   79         SH:  0    Dex: 14    Spells: 6/14 levels left

rFire   . . .        q - +1 long sword (heavy)
rCold   . . .        (no shield)
rNeg    . . .        b - +0 robe
rPois   .            c - +0 hat
rElec   .            (no cloak)
rCorr   +            (no gloves)
SInv    .            (no boots)
Will    .....        o - amulet of reflection
Stlth   +            j - ring of resist corrosion
HPRegen 0.24/turn    a - +6 ring of strength
MPRegen 0.13/turn

%: reflection
@: confused, very slightly contaminated
A: no striking features
a: no special abilities


You were on level 3 of the Dungeon.
You visited 1 branch of the dungeon, and saw 3 of its levels.

You collected 79 gold pieces.

Inventory:

Hand Weapons
 q - a +1 heavy long sword (weapon)
Armour
 b - a +0 robe (worn)
 c - a +0 hat (worn)
 r - an orb of light
Jewellery
 a - a +6 ring of strength (right hand)
 j - a ring of resist corrosion (left hand)
 o - an amulet of reflection (around neck)
 p - a ring of fire
Scrolls
 f - a scroll of vulnerability {unknown}
 h - a scroll of blinking {unknown}
 i - 2 scrolls of teleportation {unknown}
 m - 2 scrolls of identify {unknown}
 n - 3 scrolls of amnesia {unknown}
 s - a scroll of summoning {unknown}
Potions
 d - 2 potions of magic
 e - a potion of lignification {unknown}
 g - a potion of enlightenment {unknown}
 k - 2 potions of mutation {unknown}
 l - a potion of might {unknown}


   Skills:
 - Level 1.0 Fighting
 - Level 1.0 Armour
 + Level 2.8 Dodging
 + Level 2.8 Stealth
 * Level 5.7 Spellcasting
 + Level 2.2 Conjurations
 - Level 1.1 Summonings
 - Level 1.1 Translocations


You had 6 spell levels left.
You knew the following spells:

 Your Spells              Type           Power      Damage    Failure   Level
a - Magic Dart            Conj           60%        1d6       4%          1
b - Mephitic Cloud        Conj/Pois/Air  9%         N/A       22%         3
c - Call Imp              Summ           20%        N/A       10%         2
d - Blink                 Tloc           20%        N/A       10%         2

Your spell library contained the following spells:

 Spells                   Type           Power      Damage    Failure   Level
 Slow                     Hex            24%        N/A       10%         1
 Cigotuvi's Dreadful Rot  Necr/Pois/Air  12%        N/A       16%         2


Dungeon Overview and Level Annotations

Branches:
Dungeon (3/15)

Altars:


Message History

The worm closely misses you.
You see here a +0 dagger.
You hit the worm.
The worm is moderately wounded.
An orc comes into view. It is wielding a +0 war axe.
The worm closely misses you.
You slash the worm!
The worm is almost dead.
You block the iguana's attack. The worm closely misses you.
The iguana bites you! The frilled lizard misses you.
The frilled lizard barely misses you. The iguana closely misses you.
The iguana attacks as it pursues you! The iguana bites you.
Casting: Mephitic Cloud (extremely dangerous; 22% risk of failure)
Confirm with . or Enter, or press ? or * to list all spells.
Okay, then.
Casting: Mephitic Cloud (extremely dangerous; 22% risk of failure)
Confirm with . or Enter, or press ? or * to list all spells.
Aiming: Mephitic Cloud (extremely dangerous; 22% risk of failure)
Press: ? - help, Shift-Dir - straight line, f - iguana
Aim: an iguana (chance to affect: 86%)
You miscast Mephitic Cloud.
You are very lightly contaminated with residual magic.
Nothing appears to happen.
The iguana closely misses you.
Unknown command.
Casting: Mephitic Cloud (extremely dangerous; 22% risk of failure)
Confirm with . or Enter, or press ? or * to list all spells.
Aiming: Mephitic Cloud (extremely dangerous; 22% risk of failure)
Press: ? - help, Shift-Dir - straight line, f/p - iguana
Aim: an iguana (chance to affect: 86%)
The ball explodes into a vile cloud!
The stinking cloud engulfs the iguana but does no damage.
The stinking cloud engulfs the frilled lizard but does no damage.
The stinking cloud engulfs you but does no damage.
You are engulfed in noxious fumes.
You choke on the stench!
You are confused.
You hear a shout!
The iguana is engulfed in noxious fumes.
The iguana appears confused.
The iguana bites you!
You die...

#.......#
##.?.....#
.........#
#.......#
#.......#
#####...w.>.#
#......)..#
#........☼######
#.......oll@...#
#......<.#####...#
#.[......# ..#
#........# #
#.........
#..........
<........##.
..##.##### .. #.
#. ..


You could see an iguana (confused), an orc and a frilled lizard.

Vanquished Creatures
  A gnoll (D:2)
  4 adders (D:2)
  A dart slug (D:2)
  A worm (D:2)
  3 endoplasms
  5 goblins
  4 hobgoblins
  3 jackals (D:1)
  4 quokkas
  2 ball pythons (D:1)
  6 bats
  7 frilled lizards
  4 kobolds
  7 rats
52 creatures vanquished.

Notes
Turn   | Place    | Note
-------+----------+-------------------------------------------
     0 | D:1      | pokeman the Deep Elf Hedge Wizard began the quest for the
                  | Orb.
     0 | D:1      | Reached XP level 1. HP: 10/10 MP: 7/7
   226 | D:1      | Reached XP level 2. HP: 16/16 MP: 0/9
   880 | D:1      | Reached skill level 5 in Spellcasting
   908 | D:1      | Found a faded altar of an unknown god.
  1210 | D:2      | Reached XP level 3. HP: 16/20 MP: 7/11
  1214 | D:2      | Learned a level 3 spell: Mephitic Cloud
  1217 | D:2      | Learned a level 2 spell: Call Imp
  1220 | D:2      | Learned a level 2 spell: Blink
  1440 | D:2      | Reached skill level 1 in Fighting
  1440 | D:2      | Reached skill level 1 in Armour
  1813 | D:2      | Reached XP level 4. HP: 25/25 MP: 10/13
  2294 | D:3      | Slain by an iguana

Illustrated notes

Levels and vault maps discovered:
D:1:      saegor_arrival_simple_d, layout_rooms,
          hellmonk_ecumenical_altar_run_dry, minmay_misc_feat_four_crosses
D:2:      layout_basic, minmay_pentomino_w4
D:3:      layout_rooms, uniq_ijyb, uniq_terence

Skill      XL: |  1  2  3 |
---------------+----------+-----
Spellcasting   | 5 |  5.7
Fighting       | 1 |  1.0
Armour         | 1 |  1.0
Conjurations   | 2 |  2.2
Dodging        | |  2.8
Stealth        | |  2.8
Summonings     | |  1.1
Translocations | |  1.1

Action                     |  1- 3 |  4- 6 || total
---------------------------+-------+-------++-------
  Melee: Dagger            |     6 |       ||     6
         Long sword        |       |    10 ||    10
         Punch             |       |     1 ||     1
   Cast: Magic Dart        |    98 |    20 ||   118
         Mephitic Cloud    |       |     2 ||     2
   Stab: Confused          |       |     1 ||     1
 Armour: Robe              |    15 |    10 ||    25
  Dodge: Dodged            |    11 |    12 ||    23
  Block: Other             |       |     4 ||     4

Table legend: (Time is in decaauts)
 A = Elapsed time spent in this place.
 B = Non-inter-level travel time spent in this place.
 C = Inter-level travel time spent in this place.
 D = Time resting spent in this place.
 E = Time spent auto-exploring this place.
 F = Levels seen in this place.
 G = Mean time per level.
                   A        B        C        D        E       F      G
               +--------+--------+--------+--------+--------+-----+--------+
         Total |   2303 |   2231 |     72 |      0 |   1964 |   3 |  767.7 |
       Dungeon |   2303 |   2231 |     72 |      0 |   1964 |   3 |  767.7 |
               +--------+--------+--------+--------+--------+-----+--------+

Top non-repeatable levels by time:
     D:1: 1175 daAuts
     D:2: 1105 daAuts
     D:3: 23 daAuts
